Map: Glittering Ashes LE

Players

TLHarstem (Harstem) - Winner!

  • Race: Protoss Protoss
  • League: Master

HeroMarine

  • Race: Terran Terran
  • League: Master

Event: DreamHack SC2 Masters Last Chance 2022

VOD

Have the link to the VOD?

Description

Time

  • Played on: Dec. 17, 2021, 12:16 p.m.
  • Length: 12:42

All games in this series

Show
View Real Time Build Order
Export as new Build Order

TLHarstem Protoss - Winner!

Build Orders: 1 Gate Expand, Phoenix Opening 

Get SALT Encoding   

  12  0:00  Probe  
  13  0:12  Probe  
  14  0:17  Pylon  
  14  0:24  Probe  
  15  0:36  Gateway  
  15  0:37  Probe (Chrono Boost)  
  16  0:47  Probe (Chrono Boost)  
  16  0:48  Assimilator  
  17  0:52  Probe (Chrono Boost)  
  18  1:03  Probe  
  19  1:15  Probe  
  20  1:22  Nexus  
  20  1:32  Cybernetics Core  
  20  1:34  Probe  
  20  1:39  Assimilator  
  21  1:46  Probe  
  22  1:50  Pylon  
  22  1:58  Probe  
  23  2:06  Adept (Chrono Boost)  
  23  2:10  Probe  
  23  2:15  Stargate  
  26  2:23  Probe  
  26  2:27  Warp Gate  
  26  2:28  Adept  
  29  2:34  Probe (Chrono Boost)  
  29  2:35  Probe (Chrono Boost)  
  33  2:44  Probe x2 (Chrono Boost)  
  33  2:49  Probe x2 (Chrono Boost)  
  34  2:58  Phoenix  
  37  3:01  Probe x2  
  39  3:05  Pylon  
  39  3:10  Robotics Facility  
  39  3:13  Probe x2  
  39  3:17  Adept  
  43  3:25  Probe x2  
  45  3:31  Phoenix (Chrono Boost)  
  47  3:37  Probe  
  47  3:39  Probe  
  49  3:46  Pylon  
  49  3:52  Probe  
  49  3:53  Phoenix (Chrono Boost)  
  52  3:57  Nexus, Probe  
  53  4:04  Probe  
  53  4:09  Immortal (Chrono Boost)  
  58  4:11  Probe  
  58  4:14  Pylon  
  59  4:17  Assimilator  
  59  4:18  Probe  
  60  4:26  Probe  
  60  4:30  Shield Battery  
  61  4:35  Adept  
  61  4:38  Phoenix, Shield Battery  
  65  4:40  Probe  
  65  4:42  Probe, Pylon  
  67  4:52  Probe  
  68  4:54  Probe  
  68  4:57  Pylon  
  69  5:00  Immortal (Chrono Boost)  
  69  5:04  Probe  
  69  5:06  Gateway  
  74  5:07  Sentry  
  74  5:08  Probe  
  74  5:11  Probe  
  74  5:12  Gateway  
  78  5:16  Probe  
  78  5:17  Forge  
  78  5:21  Probe  
  80  5:24  Probe  
  80  5:28  Robotics Bay, Probe  
  82  5:32  Adept  
  82  5:33  Probe  
  85  5:36  Probe  
  85  5:40  Probe  
  85  5:42  Twilight Council  
  87  5:44  Assimilator  
  87  5:45  Assimilator, Probe  
  87  5:48  Probe  
  88  5:52  Probe  
  87  5:58  Pylon  
  87  6:00  Adept x2  
  87  6:01  Probe  
  87  6:03  Probe  
  91  6:05  Probe  
  91  6:08  Protoss Ground Weapons Level 1  
  91  6:11  Assimilator  
  92  6:12  Phoenix  
  92  6:13  Probe  
  92  6:15  Probe  
  92  6:17  Pylon  
  96  6:19  Probe  
  96  6:21  Colossus (Chrono Boost)  
  103  6:29  Gateway  
  103  6:30  Gateway, Pylon  
  103  6:34  Pylon  
  103  6:35  Photon Cannon  
  103  6:36  Gateway, Charge (Chrono Boost)  
  103  6:38  Gateway  
  103  6:45  Pylon  
  103  6:47  Zealot, Sentry  
  103  6:49  Probe  
  103  6:50  Probe  
  109  6:56  Probe  
  109  6:59  Colossus (Chrono Boost)  
  110  7:01  Probe  
  117  7:09  Pylon  
  117  7:11  Zealot x3  
  121  7:19  Probe  
  121  7:21  Gateway  
  121  7:23  Gateway  
  121  7:25  Templar Archives  
  121  7:29  Zealot x2  
  121  7:39  Colossus (Chrono Boost)  
  121  7:40  Zealot x5  
  135  7:44  Pylon  
  135  7:46  Extended Thermal Lance (Chrono Boost)  
  135  7:47  Shield Battery  
  135  7:48  Pylon  
  135  7:52  Pylon  
  135  7:57  Pylon  
  135  8:04  High Templar x2  
  135  8:05  High Templar x2  
  143  8:08  Archon  
  143  8:09  Nexus  
  141  8:26  Archon  
  131  8:27  Zealot x5  
  131  8:29  Warp Prism (Chrono Boost)  
  135  8:34  Probe  
  135  8:35  Protoss Ground Weapons Level 2 (Chrono Boost), Pylon  
  135  8:37  High Templar x2  
  135  8:40  Zealot x2  
  144  8:43  Archon  
  144  8:47  Zealot x5  
  154  8:50  Pylon  
  152  8:59  Probe  
  153  9:03  High Templar x2  
  153  9:08  Archon  
  153  9:09  Zealot x4  
  165  9:10  Zealot x3  
  167  9:32  Zealot x7  
  167  9:37  Phoenix  
  155  9:43  Colossus (Chrono Boost)  
  155  9:45  Zealot x2  
  145  9:47  Probe  
  140  9:56  Zealot x6  
  140  9:59  Probe  
  147  10:01  Probe x2  
  147  10:03  Gateway, Dark Shrine  
  147  10:05  Robotics Facility  
  149  10:10  Stalker x2  
  149  10:15  Stalker  
  149  10:20  Stalker x3  
  149  10:21  Stalker  
  149  10:30  Stalker x2  
  149  10:35  Zealot x2  
  137  10:42  Blink (Chrono Boost)  
  115  10:44  Zealot x5  
  115  10:55  Probe  
  114  10:58  Sentry, Forge  
  114  10:59  High Templar x4  
  124  11:04  Archon  
  124  11:05  Photon Cannon, High Templar  
  124  11:07  High Templar  
  124  11:08  Zealot, Sentry  
  124  11:09  Zealot  
  134  11:14  Immortal (Chrono Boost), Archon  
  134  11:15  Archon  
  138  11:20  Probe  
  138  11:23  Assimilator  
  138  11:25  Nexus, Assimilator  
  139  11:27  Probe  
  140  11:33  Zealot x4  
  148  11:40  Shield Battery  
  148  11:46  Dark Templar, Pylon  
  150  11:49  Immortal (Chrono Boost)  
  150  11:53  Pylon  
  154  11:55  Photon Cannon  
  154  11:56  Stalker  
  156  12:04  Probe  
  156  12:06  Zealot x4  
  165  12:10  Zealot, Dark Templar  
  165  12:15  Stalker x2  
  171  12:22  Nexus  
  173  12:27  Stalker  
  173  12:28  Zealot  
  177  12:31  High Templar x4  
  181  12:40  Archon x2  
Show
View Real Time Build Order
Export as new Build Order

HeroMarine Terran 

Build Orders:  

Get SALT Encoding   

  12  0:00  SCV  
  13  0:12  SCV  
  14  0:17  Supply Depot  
  14  0:24  SCV  
  15  0:38  SCV  
  15  0:39  Barracks  
  15  0:42  Refinery  
  16  0:50  SCV  
  17  1:02  SCV  
  18  1:14  SCV  
  19  1:25  Marine  
  19  1:26  Orbital Command  
  20  1:37  Command Center  
  20  1:44  Barracks Reactor  
  20  1:47  Supply Depot  
  20  1:52  SCV  
  21  2:04  SCV  
  22  2:15  Command Center  
  22  2:17  SCV  
  22  2:21  Marine  
  22  2:22  Marine  
  25  2:29  SCV  
  26  2:33  Barracks  
  26  2:39  Marine  
  26  2:40  Marine  
  26  2:41  SCV  
  29  2:49  Orbital Command  
  29  2:53  SCV  
  29  2:57  Marine  
  29  2:58  Marine  
  32  3:04  Barracks  
  32  3:06  SCV  
  33  3:15  SCV  
  33  3:18  SCV  
  35  3:20  Barracks Tech Lab  
  35  3:21  Marine  
  35  3:22  Engineering Bay  
  35  3:23  Marine  
  37  3:28  SCV  
  37  3:32  Orbital Command  
  38  3:34  SCV  
  38  3:38  Stimpack  
  38  3:39  Marine  
  38  3:40  SCV  
  38  3:41  Marine  
  41  3:44  Marine  
  41  3:46  SCV  
  44  3:49  Terran Infantry Weapons Level 1  
  44  3:52  SCV  
  44  3:54  Barracks Tech Lab  
  45  3:57  Marine  
  45  3:59  SCV, Marine  
  45  4:01  Marine  
  45  4:02  SCV  
  50  4:04  SCV  
  51  4:10  Supply Depot  
  51  4:11  SCV, Bunker  
  51  4:13  Marine  
  51  4:14  SCV, Combat Shield  
  51  4:17  Marine  
  54  4:19  Marine x2  
  54  4:22  Refinery  
  57  4:26  SCV x2  
  57  4:27  Refinery  
  59  4:32  Marine  
  59  4:34  Marine  
  59  4:36  Marine  
  59  4:37  Factory, SCV, Marine  
  59  4:38  SCV x2  
  65  4:43  Missile Turret  
  66  4:47  Missile Turret  
  66  4:50  Marine  
  66  4:52  Marine  
  68  4:54  Missile Turret  
  68  4:56  Missile Turret  
  68  4:57  Marine  
  68  4:59  Supply Depot x2  
  67  5:00  Marine  
  67  5:02  SCV x2  
  67  5:06  SCV  
  70  5:08  Marine  
  71  5:14  SCV x2  
  71  5:15  Marine x2  
  71  5:18  SCV, Marine  
  77  5:25  Barracks  
  77  5:26  SCV, Barracks  
  77  5:27  SCV  
  80  5:29  Starport, Factory Reactor  
  80  5:30  Orbital Command  
  80  5:37  Refinery  
  80  5:38  Marine x2  
  80  5:40  Marauder x2  
  84  5:43  SCV x2  
  86  5:54  Missile Turret  
  86  5:55  SCV x2, Marine  
  87  5:59  SCV  
  87  6:02  Marauder x2  
  87  6:07  SCV x2  
  87  6:08  Marine  
  90  6:13  Marine  
  90  6:15  Factory Tech Lab  
  90  6:16  Barracks Reactor, Barracks Tech Lab  
  92  6:22  Supply Depot  
  92  6:23  Supply Depot, Terran Infantry Armor Level 1  
  92  6:25  Medivac  
  93  6:28  Medivac, Marine  
  93  6:29  Marauder x2  
  93  6:31  Marine  
  101  6:40  Supply Depot x2  
  101  6:44  Marauder, SCV x3  
  101  6:46  Supply Depot, Marine  
  107  6:49  Marine  
  107  6:50  Marauder x2  
  112  6:55  Medivac  
  112  6:56  SCV x3, Factory Reactor  
  112  6:58  Refinery x2  
  117  7:01  Medivac  
  117  7:04  Marine  
  117  7:05  Supply Depot  
  117  7:06  Supply Depot  
  117  7:07  Marine  
  117  7:08  SCV x3  
  124  7:12  Marauder x2  
  124  7:13  Marauder, Marine x2  
  132  7:20  SCV x3  
  135  7:25  Supply Depot  
  135  7:28  Marine x2  
  131  7:32  Concussive Shells  
  131  7:33  SCV x2  
  131  7:34  Marauder x3, SCV  
  137  7:42  Marine x2  
  138  7:45  Medivac x2  
  138  7:46  Widow Mine, Marine x2  
  138  7:47  Widow Mine  
  148  7:55  Marauder, Armory, Marine  
  148  7:56  Engineering Bay  
  151  7:58  Marine  
  151  8:02  Command Center  
  152  8:06  Supply Depot  
  152  8:11  Widow Mine x2, Marine x3  
  158  8:13  Marine  
  158  8:14  Medivac  
  158  8:15  Medivac, SCV x2  
  158  8:17  SCV  
  162  8:21  Marauder  
  155  8:27  SCV x2  
  155  8:29  SCV  
  155  8:33  Marine x2  
  151  8:34  Marine x2  
  151  8:39  SCV  
  155  8:42  Starport  
  155  8:44  Viking  
  155  8:45  Viking  
  159  8:49  Terran Infantry Weapons Level 2, Terran Infantry Armor Level 2  
  159  8:50  Terran Ship Weapons Level 1  
  159  8:52  Marauder x2  
  159  8:55  Marauder  
  163  9:03  Supply Depot  
  163  9:05  Supply Depot  
  162  9:14  Marauder x2, Viking  
  162  9:15  Viking  
  162  9:16  Marauder  
  167  9:22  Viking x2  
  167  9:23  SCV  
  167  9:24  SCV  
  161  9:34  Marine x2  
  161  9:35  Marauder x2  
  161  9:37  Marine x2  
  161  9:38  Marauder  
  133  9:44  Viking x2  
  124  9:52  Viking  
  120  9:56  Marauder  
  120  9:57  Marauder, Viking  
  120  9:58  Orbital Command  
  120  9:59  Marauder  
  128  10:00  Marine x2  
  130  10:09  Marine  
  130  10:11  Marine  
  132  10:14  Viking x2  
  132  10:18  Marauder x2  
  132  10:21  Marauder  
  142  10:22  Viking  
  136  10:31  Marine  
  121  10:36  Medivac  
  121  10:39  Marauder x2  
  121  10:40  Marine  
  121  10:42  Marauder  
  103  10:43  SCV  
  103  10:45  SCV  
  82  10:58  Medivac x2  
  82  10:59  Marine  
  82  11:00  Marine x2  
  82  11:01  Marauder  
  82  11:02  Marine  
  82  11:03  Marine  
  90  11:08  Marauder  
  92  11:14  Medivac  
  92  11:15  Medivac  
  92  11:18  Marine  
  97  11:19  Marine  
  97  11:20  Marine x2  
  97  11:22  Marauder  
  102  11:30  Ghost Academy  
  102  11:31  Marauder x2  
  102  11:32  Refinery  
  106  11:35  Marine  
  106  11:39  Medivac x2  
  111  11:40  Marine  
  111  11:41  Marine  
  111  11:42  Marine  
  111  11:43  Marauder  
  116  11:53  Marauder x2, Marine  
  121  11:58  Marine x2  
  121  12:00  Marine  
  124  12:04  Ghost  
  126  12:11  Marine  
  135  12:16  Marine x2  
  135  12:21  Marine  
  141  12:28  Missile Turret  

Tags
 
Add a new tag
Caveats
  • Supply blocks, unpowered buildings, or Contaminate may cause inaccurate times.
  • Supply counts are checked every 10 seconds.